 Dungeon Crawl Stone Soup version 0.28-a0-1347-g113dc556a4 (webtiles) character file.

Game seed: 2064292030434276410

105 croobank the Ducker (level 4, 0/33 HPs)
             Began as an Octopode Fighter on Dec 30, 2021.
             Constricted to death by a ball python (1 damage)
             ... on level 3 of the Dungeon.
             The game lasted 00:08:23 (2584 turns).

croobank the Ducker (Octopode Fighter)              Turns: 2584, Time: 00:08:27

Health: 0/33       AC:  1    Str: 15    XL:     4   Next: 81%
Magic:  4/4        EV: 11    Int: 12    God:
Gold:   144        SH:  0    Dex: 11    Spells: 3/3 levels left

rFire   . . .      SeeInvis .   a - +0 trident
rCold   . . .      Faith    .   m - orb {mayhem}
rNeg    . . .      Spirit   .   (helmet restricted)
rPois   .          Reflect  .   (no amulet)
rElec   .          Harm     .   (no ring)
rCorr   .          Rampage  .   (no ring)
Will    .....                   (no ring)
Stlth   +++.......              (no ring)
HPRegen 0.11/turn               (no ring)
MPRegen 0.09/turn               (no ring)
                                (no ring)
                                (no ring)

@: lethally poisoned (0 -> -5), about to teleport, constricted
A: almost no armour, amphibious, 8 rings, camouflage 1, gelatinous body 1,
nimble swimmer 1, tentacles
a: no special abilities


You were on level 3 of the Dungeon.
You visited 1 branch of the dungeon, and saw 3 of its levels.

You collected 144 gold pieces.

Inventory:

Hand Weapons
 a - a +0 trident (weapon)
 l - a +2 dagger of speed
Missiles
 e - 27 arrows
 g - 18 sling bullets
 h - 56 stones (quivered)
Armour
 b - a +1 buckler
 m - an orb of mayhem (worn)
Scrolls
 i - a scroll of teleportation
Potions
 c - a potion of might
 d - a potion of curing {unknown}
 f - a potion of brilliance {unknown}
 j - 2 potions of lignification
 k - a potion of mutation {unknown}


   Skills:
 + Level 3.7 Fighting
 + Level 2.9 Polearms
 + Level 3.7 Dodging
 + Level 3.7 Shields


You had 3 spell levels left.
You didn't know any spells.
Your spell library contained the following spells:

 Spells                   Type           Power      Damage    Failure   Level
 Blink                    Tloc           0%         N/A       45%         2
 Lesser Beckoning         Tloc           0%         N/A       69%         3
 Manifold Assault         Tloc           0%         N/A       100%        5


Dungeon Overview and Level Annotations

Branches:
Dungeon (3/15)

Altars:


Innate Abilities, Weirdness & Mutations

You cannot wear most types of armour.
You are amphibious.
You can wear up to eight rings at the same time.
Your skin changes colour to match your surroundings (Stealth+).
Your rubbery body absorbs attacks. (AC +1, EV +1)
You are camouflaged when in or above water. (Stealth+)
You have tentacles for arms and can constrict up to eight enemies at once.


Message History

The ball python closely misses you. x2
The adder barely misses you. The ball python misses you.
The ball python closely misses you. The adder bites you. The adder misses you.
The adder bites you.
You are poisoned.
The adder poisons you!
You feel sick.
You feel sick. The adder bites you.
You feel sick.
You feel sick.
You are no longer poisoned.
A jackal comes into view.
The sentinel's mark upon you fades away.
The adder bites you.
* * * LOW HITPOINT WARNING * * *
You are poisoned.
The adder poisons you!
A jackal comes into view.
The ball python misses you. The ball python closely misses you.
As you read the scroll labelled PAFIDYUNEC, it crumbles to dust.
You feel strangely unstable.
It was a scroll of teleportation.
You feel sick. The adder barely misses you.
The ball python closely misses you. x2
You feel sick. The adder completely misses you.
The ball python closely misses you. The ball python barely misses you.
You feel sick.
A howler monkey comes into view.
The adder bites you.
* * * LOW HITPOINT WARNING * * *
You are lethally poisoned!
The adder poisons you!
A jackal comes into view.
* * * LOW HITPOINT WARNING * * *
You feel sick.
The jackal barks!
A jackal comes into view.
The ball python misses you. The ball python grabs you.
The ball python constricts you.
You die...

#############...#≈≈P...#
# .#'###≈≈....# #
g...#.≈≈≈....# #
...###.≈≈≈r...#
#########'g# #.≈≈≈....#
#......g.... #.≈≈≈..P.#
'..8#..... #.S≈≈....#
'..8#..# #.S≈hh...#
#......# #.@≈≈....#
######## #.≈≈≈....#
###≈≈....# #≈≈....#
#≈≈....# ≈≈h...# ≈h....#
≈≈h...#


You could see a howler monkey, an adder, a quokka, 4 jackals and a ball python.

Vanquished Creatures
  A gnoll (D:3)
  An adder (D:2)
  2 worms (D:2)
  A dart slug (D:1)
  3 orcs (D:3)
  5 ball pythons
  4 endoplasms (D:1)
  3 giant cockroaches
  10 goblins
  2 hobgoblins (D:1)
  10 jackals
  3 quokkas (D:1)
  7 bats
  8 frilled lizards
  3 kobolds (D:3)
  8 rats
71 creatures vanquished.

Notes
Turn   | Place    | Note
-------+----------+-------------------------------------------
     0 | D:1      | croobank the Octopode Fighter began the quest for the Orb.
     0 | D:1      | Reached XP level 1. HP: 16/16 MP: 1/1
   188 | D:1      | Reached XP level 2. HP: 17/21 MP: 2/2
   711 | D:1      | Reached XP level 3. HP: 24/26 MP: 3/3
  1548 | D:2      | Reached XP level 4. HP: 22/31 MP: 4/4
  1906 | D:2      | Found a faded altar of an unknown god.
  2549 | D:3      | Noticed a gnoll sergeant
  2584 | D:3      | HP: 1/33 [poisoned by an adder]
  2584 | D:3      | Constricted to death by a ball python

Illustrated notes

Levels and vault maps discovered:
D:1:      psy_arrival_fountain, layout_loops_cross
D:2:      layout_loops_cross, chequers_ecumenical_altar_simple_redux,
          grunt_ministairs_15
D:3:      lemuel_castle_with_subvaults [lemuel_castle_interior_carwin_2],
          layout_basic, gammafunk_ghost_split, uniq_sigmund, uniq_terence

Action                   |  1- 3 |  4- 6 || total
-------------------------+-------+-------++-------
Melee: Trident           |    77 |    45 ||   122
       Constrict         |    24 |    15 ||    39
       Tentacles         |    16 |    11 ||    27
  Use: Scroll            |     5 |     1 ||     6
 Stab: Sleeping          |    10 |     2 ||    12
Armor: Skin              |    10 |     2 ||    12
Dodge: Dodged            |    37 |    46 ||    83
Block: Buckler           |    11 |     7 ||    18

Table legend: (Time is in decaauts)
 A = Elapsed time spent in this place.
 B = Non-inter-level travel time spent in this place.
 C = Inter-level travel time spent in this place.
 D = Time resting spent in this place.
 E = Time spent auto-exploring this place.
 F = Levels seen in this place.
 G = Mean time per level.
                   A        B        C        D        E       F      G
               +--------+--------+--------+--------+--------+-----+--------+
         Total |   2606 |   2520 |     86 |    317 |   1530 |   3 |  868.7 |
       Dungeon |   2606 |   2520 |     86 |    317 |   1530 |   3 |  868.7 |
               +--------+--------+--------+--------+--------+-----+--------+

Top non-repeatable levels by time:
     D:1: 1306 daAuts
     D:2: 921 daAuts
     D:3: 378 daAuts
